 Dungeon Crawl Stone Soup version 0.32-a0-616-g9348d4545b (webtiles) character file.

Game seed: 40732606071859044

4853 Rulersjester the Carver (level 10, -5/86 HPs)
             Began as a Coglin Gladiator on Mar 5, 2024.
             Was the Champion of Cheibriados.
             Slain by a komodo dragon (12 damage)
             ... on level 1 of the Lair of Beasts.
             The game lasted 00:38:23 (5276 turns).

Rulersjester the Carver (Coglin Gladiator)          Turns: 5276, Time: 00:38:24

Health: -5/86      AC: 19    Str: 31    XL:     10   Next: 49%
Magic:  10/10      EV: 15    Int: 26    God:    Cheibriados [******]
Gold:   68         SH:  0    Dex: 30    Spells: 9/9 levels left

rFire   . . .        a - +0 long sword {Rodica}
rCold   . . .        (no shield)
rNeg    . . .        j - +4 chain mail
rPois   +            c - +0 helmet
rElec   .            (no cloak)
rCorr   .            s - +0 pair of gloves
SInv    .            u - +1 pair of boots
Will    .....        (amulet unavailable)
Stlth   +            (ring unavailable)
HPRegen 0.34/turn    (ring unavailable)
MPRegen 0.12/turn    (no gizmo)

%: no passive effects
@: marked, revved, very slow
A: off-hand wielding, slow wielding, warmup strikes, no jewellery, sense
surroundings 2, poison resistance, robust 1
a: Invent Gizmo, Renounce Religion, Bend Time, Temporal Distortion, Slouch, Step
From Time


You were on level 1 of the Lair of Beasts.
You worshipped Cheibriados.
Cheibriados was exalted by your worship.
You visited 2 branches of the dungeon, and saw 8 of its levels.
You also visited: Sewer.

You collected 222 gold pieces.
You spent 154 gold pieces at shops.

Inventory:

Hand Weapons
 a - a +0 long sword (weapon) {Rodica}
 f - a +0 dagger of freezing {Hsekiu}
 g - a +2 dagger of venom {Yolanda}
 k - the +5 hammer of Checks and Balances {antimagic, rPois rF+ Str-5}
   (You found it on level 2 of the Dungeon)

   Str-5:     It affects your strength (-5).
   rF+:       It protects you from fire.
   rPois:     It protects you from poison.
 l - the +2 hammer of Infection {elec, rN+ Int+2 SInv}
   (You found it on level 2 of the Dungeon)

   Int+2:     It affects your intelligence (+2).
   rN+:       It protects you from negative energy.
   SInv:      It lets you see invisible.
 r - a +2 dagger of chaos {Thulani}
Missiles
 d - 3 throwing nets
 e - a javelin
Armour
 b - a +0 leather armour
 c - a +0 helmet (worn)
 h - a +0 plate armour
 j - a +4 chain mail (worn)
 s - a +0 pair of gloves (worn)
 t - a +2 ring mail of fire resistance
 u - a +1 pair of boots (worn)
Jewellery
 n - the ring of the Will of the Gods {Wiz rF+ Will+}
   (You found it on level 3 of the Dungeon)

   [ring of wizardry]

   Wiz:       It improves your spell success rate.
   rF+:       It protects you from fire.
   Will+:     It increases your willpower.
Wands
 v - a wand of light (7)
Scrolls
 m - 5 scrolls of teleportation
 o - a scroll of amnesia (quivered)
Potions
 i - 3 potions of curing
 q - a potion of invisibility


   Skills:
 + Level 7.1 Fighting
 + Level 5.5(7.7) Short Blades
 + Level 9.2(10.0) Long Blades
 + Level 2.0 Throwing
 + Level 7.6 Armour
 + Level 6.2 Dodging
 + Level 4.4 Stealth


You had 9 spell levels left.
You didn't know any spells.
Your spell library was empty.

Dungeon Overview and Level Annotations

Branches:
Dungeon (9/15)             Temple (0/1) D:5            Lair (1/5) D:9
  Sewer (visited)
    Orc: D:9-12

Altars:
Cheibriados
Nemelex Xobeh
Trog

Shops:
D:1 !   D:4 :   D:5 *   D:6 !(


Innate Abilities, Weirdness & Mutations

You can wield a second weapon in your off-hand.
It takes a long time for you to wield or remove held weapons.
Your first few attacks do less damage.
You cannot equip rings or amulets.
You passively map the area around you.
Your system is resistant to poisons. (rPois)
You are robust. (+10% HP)


Message History

Cheibriados appreciates the change of pace.
You see here a basilisk corpse.
You feel better.
You hit the plant.
The plant begins to die.
The plant is lightly damaged.
A komodo dragon comes into view.
A nearby plant withers and dies.
The komodo dragon sets off the alarm!
The alarm trap emits a blaring wail!
A sentinel's mark forms upon you.
You hear a trumpeting! x2; You hear a bellow!
You hear a shout!
You hear a trumpeting!
You hear an angry hiss.
You hear a loud, deep croak!
You hear a bellow! x3; You hear a loud, deep croak!
You hear a trumpeting! x2
You hear a croak.
You hear a bellow!
You hear a loud, deep croak!
You hear an angry hiss.
You hear a shout!
You hear an angry hiss.
You hear a howl! x3; You hear a loud, deep croak!
You hear a bellow!
You hear a howl! x3; You hear a bellow! x4
You hear a loud, deep croak!
The komodo dragon bites you!!
The komodo dragon bites you but does no damage.
You slash the komodo dragon!
The komodo dragon is moderately wounded.
The komodo dragon bites you but does no damage.
You closely miss the komodo dragon.
The komodo dragon is moderately wounded.
You hit the komodo dragon but do no damage.
The komodo dragon is moderately wounded.
The komodo dragon bites you!!
* * * LOW HITPOINT WARNING * * *
You hit the komodo dragon but do no damage.
The komodo dragon is lightly wounded.
The komodo dragon bites you!
* * * LOW HITPOINT WARNING * * *
You hit the komodo dragon but do no damage.
The komodo dragon is lightly wounded.
The komodo dragon misses you.
You barely miss the komodo dragon.
The komodo dragon is lightly wounded.
The komodo dragon bites you!
You die...
Cheibriados appreciates the motionlessness of death.

, , ,* * , , * * *
, * * # , .# , ,
#., * .# * ,, ,
##.. ..#
#...########..# * ,
* ##............###
,,
##............S...
, ,, ,
......l@....##.###*
, #..#.#####.## , ,
, ,, +†# * ,, , +.#
,, , , #.# ,, #<# *
,, , ,* * * #.# * ,
, ..# * ,, , , , ,
, ...# , ,,


You could see a komodo dragon and a water moccasin.

Vanquished Creatures
  Pikel (D:4)
  A rime drake (D:9)
  Psyche (D:9)
  A polar bear (D:9)
  A hornet (D:5)
  A wyvern (D:9)
  A basilisk (Lair:1)
  Menkaure (D:5)
  An acid dragon (D:9)
  A water moccasin (D:5)
  An orc warrior (D:9)
  5 ice beasts
  A black bear (D:6)
  2 wolves (D:9)
  A phantom (D:5)
  A kobold brigand (Sewer)
  Blork the orc (D:6)
  A scorpion (D:5)
  A bombardier beetle (D:5)
  A howler monkey (D:5)
  3 hounds
  6 orc priests
  3 sleepcaps
  3 iguanas
  3 orc wizards
  4 gnolls (D:6)
  8 adders
  4 river rats (Sewer)
  A white imp (D:5)
  A dart slug (D:3)
  2 ribbon worms
  21 orcs
  4 ball pythons
  2 endoplasms
  8 giant cockroaches
  9 goblins
  10 hobgoblins
  21 jackals
  20 kobolds
  9 quokkas
  7 bats
  5 frilled lizards
  20 rats
199 creatures vanquished.

Notes
Turn   | Place    | Note
-------+----------+-------------------------------------------
     0 | D:1      | Rulersjester the Coglin Gladiator began the quest for the
                  | Orb.
     0 | D:1      | Reached XP level 1. HP: 16/16 MP: 1/1
   177 | D:1      | Gained mutation: You are robust. (+10% HP) [potion of
                  | mutation]
   177 | D:1      | Gained mutation: You passively map a small area around you.
                  | [potion of mutation]
   177 | D:1      | Gained mutation: You passively map the area around you.
                  | [potion of mutation]
   177 | D:1      | Gained mutation: Your system is resistant to poisons.
                  | (rPois) [potion of mutation]
   187 | D:1      | Reached XP level 2. HP: 24/24 MP: 2/2
   329 | D:1      | Found Buokhoib's Distillery.
   443 | D:1      | Reached XP level 3. HP: 21/29 MP: 3/3
   492 | D:1      | Found a faded altar of an unknown god.
   504 | D:1      | Prayed at the altar of an unknown god.
   504 | D:1      | Became a worshipper of Cheibriados the Contemplative
   504 | D:1      | Reached * piety under Cheibriados
   822 | D:2      | Identified the +2 hammer of Infection {elec, rN+ Int+2
                  | SInv}
   825 | D:2      | Identified the +1 hammer of Res Judicata {vamp, rPois rN+
                  | Stlth+}
   827 | D:2      | Identified the +5 hammer of Checks and Balances {antimagic,
                  | rPois rF+ Str-5}
   882 | D:2      | Reached ** piety under Cheibriados
  1066 | D:2      | Reached skill level 1 in Armour
  1076 | D:2      | Reached XP level 4. HP: 4/36 MP: 4/4
  1113 | D:2      | Reached *** piety under Cheibriados
  1434 | D:3      | Reached skill level 4 in Long Blades
  1445 | D:3      | Identified the ring of the Will of the Gods {Wiz rF+ Will+}
  1786 | D:3      | Reached XP level 5. HP: 40/42 MP: 5/5
  1839 | D:3      | Reached **** piety under Cheibriados
  2241 | D:4      | Found Arusom Ugha's Book Boutique.
  2363 | D:4      | Found a glowing drain.
  2376 | Sewer    | Entered a sewer
  2414 | Sewer    | Noticed a kobold brigand
  2425 | Sewer    | Killed a kobold brigand
  2426 | Sewer    | Reached skill level 1 in Short Blades
  2426 | Sewer    | Reached XP level 6. HP: 28/50 MP: 6/6
  2623 | Sewer    | Reached ***** piety under Cheibriados
  2711 | Sewer    | Reached skill level 5 in Long Blades
  3380 | D:4      | Noticed Pikel
  3392 | D:4      | Killed Pikel
  3393 | D:4      | Reached XP level 7. HP: 24/57 MP: 7/7
  3494 | D:4      | Found a bloodstained altar of Trog.
  3662 | D:5      | Entered Level 5 of the Dungeon
  3662 | D:5      | Found Edghen's General Store.
  3681 | D:5      | Reached skill level 6 in Long Blades
  3681 | D:5      | Reached XP level 8. HP: 57/66 MP: 8/8
  3819 | D:5      | Reached skill level 5 in Short Blades
  3819 | D:5      | Reached skill level 8 in Long Blades
  3819 | D:5      | Reached skill level 5 in Dodging
  3819 | D:5      | Reached XP level 9. HP: 77/77 MP: 9/9
  4143 | D:5      | Found a staircase to the Ecumenical Temple.
  4296 | D:5      | Noticed Menkaure
  4302 | D:5      | Killed Menkaure
  4322 | D:5      | Noticed a hornet
  4334 | D:5      | Killed a hornet
  4562 | D:6      | Found Exzat's Antique Weapon Shop.
  4725 | D:6      | Noticed Blork the orc
  4733 | D:6      | Killed Blork the orc
  4844 | D:6      | Found Ocecw's Distillery.
  4903 | D:6      | Bought a potion of curing for 33 gold pieces
  4903 | D:6      | Bought a potion of heal wounds for 55 gold pieces
  4903 | D:6      | Bought a potion of curing for 33 gold pieces
  4903 | D:6      | Bought a potion of curing for 33 gold pieces
  4959 | D:6      | You fall into a shaft and drop 3 floors!
  4962 | D:9      | Found a sparkling altar of Nemelex Xobeh.
  4962 | D:9      | Noticed Psyche
  4978 | D:9      | Killed Psyche
  4979 | D:9      | Reached XP level 10. HP: 56/84 MP: 10/10
  5058 | D:9      | Reached skill level 9 in Long Blades
  5172 | D:9      | Reached ****** piety under Cheibriados
  5224 | D:9      | Found a staircase to the Lair.
  5240 | Lair:1   | Entered Level 1 of the Lair of Beasts
  5276 | Lair:1   | Slain by a komodo dragon

Illustrated notes

Levels and vault maps discovered:
D:1:      dpeg_arrival_morbid_curiosity, layout_basic, serial_shops,
          nicolae_shop_back_alley_shop, ebering_ecumenical_altar_abandoned
D:2:      layout_basic, basic_altar, nicolae_kite_square_tiling_tiny,
          kennysheep_generic_room_10, uniq_crazy_yiuf_cottage
D:3:      layout_basic
D:4:      layout_gridville, lemuel_coloured_pillars_altar, gup_sewer_entry_pipe,
          serial_shops, shop_fountains, uniq_pikel
D:5:      layout_layer_cave, minmay_temple_entry_mist, nicolae_stop_n_shop_1,
          minmay_misc_feat_four_crosses, nicolae_zen_rock_garden, uniq_menkaure
D:6:      layout_loops_ring, serial_shops, nicolae_shop_crystal,
          nicolae_stop_n_shop_1, shop, nicolae_shop_tiny_statue_garden, shop,
          nicolae_water_bricks, uniq_sigmund, uniq_blork_the_orc
D:9:      layout_long_grid, mainiacjoe_overflow_paths, hellmonk_lair_entry_icy,
          special_room [special_room_orc], uniq_jeremiah, uniq_psyche
Lair:1:   layout_chaotic_city, uniq_fannar, uniq_maggie

Skill      XL: |  1  2  3  4  5  6  7  8  9 10 |
---------------+-------------------------------+-----
Throwing       | 2 |  2.0
Dodging        | 3 5 6 |  6.2
Armour         | 1 2 3 6 7 |  7.6
Long Blades    | 4 5 6 8 9 |  9.2
Short Blades   | 1 2 5 |  5.5
Fighting       | 3 6 7 |  7.1
Stealth        | 4 |  4.4

Action                     |  1- 3 |  4- 6 |  7- 9 | 10-12 || total
---------------------------+-------+-------+-------+-------++-------
  Melee: Long sword        |    71 |   146 |   150 |   112 ||   479
         Dagger            |    68 |   130 |   140 |     2 ||   340
         Unarmed           |       |       |     1 |       ||     1
    Use: Potion            |     2 |     3 |     8 |     5 ||    18
         Scroll            |     2 |     3 |     3 |       ||     8
 Armour: Plate armour      |   135 |       |       |       ||   135
         Leather armour    |     1 |       |       |       ||     1
         Chain mail        |    53 |   263 |   140 |   156 ||   612
  Dodge: Dodged            |    50 |   209 |   142 |    89 ||   490

Table legend: (Time is in decaauts)
 A = Elapsed time spent in this place.
 B = Non-inter-level travel time spent in this place.
 C = Inter-level travel time spent in this place.
 D = Time resting spent in this place.
 E = Time spent auto-exploring this place.
 F = Levels seen in this place.
 G = Mean time per level.
                   A        B        C        D        E       F      G
               +--------+--------+--------+--------+--------+-----+--------+
         Total |   8258 |   8207 |     51 |      0 |      0 |   9 |  917.6 |
       Dungeon |   7520 |   7469 |     51 |      0 |      0 |   7 | 1074.3 |
          Lair |     45 |     45 |      0 |      0 |      0 |   1 |   45.0 |
         Sewer |    693 |    693 |      0 |      0 |      0 |   1 |  693.0 |
               +--------+--------+--------+--------+--------+-----+--------+

Top non-repeatable levels by time:
     D:4: 1742 daAuts
     D:5: 1556 daAuts
     D:3: 1422 daAuts
     D:1: 938 daAuts
     D:2: 813 daAuts
   Sewer: 693 daAuts
     D:6: 653 daAuts
     D:9: 392 daAuts
  Lair:1: 45 daAuts
